 Dungeon Sprint DCSS version 0.31-a0-744-gbc345e7fcb (webtiles) character file.

Game seed: 12503656886064120766

54 rocky1 the Ruffian (level 3, -3/43 HPs)
             Began as a Draconian Shapeshifter on Sept 14, 2023.
             Was an Elder of Cheibriados.
             Slain by a boulder beetle (12 damage)
             ... in the Dungeon (Sprint VI: "Thunderdome").
             The game lasted 00:02:23 (269 turns).

rocky1 the Ruffian (Draconian Shapeshifter)          Turns: 269, Time: 00:02:24

Health: -3/43      AC:  5    Str: 25    XL:     3   Next: 91%
Magic:  3/3        EV: 13    Int: 19    God:    Cheibriados [****..]
Gold:   280        SH:  0    Dex: 21    Spells: 2/2 levels left

rFire   . .          .
                       - Unarmed
rCold   . . .        (no shield)
rNeg    . . .        (body armour unavailable)
rPois   .            (helmet currently unavailable)
rElec   .            (cloak currently unavailable)
rCorr   .            (gloves currently unavailable)
SInv    .            (boots currently unavailable)
Will    .....        (no amulet) Stlth
                     (no ring)
HPRegen 0.27/turn    (no ring)
MPRegen 0.08/turn

%: no teleportation
@: berserking, beast-form, very slow
A: beast (slay +3), AC +5, unfitting armour, cold-blooded
a: Begin Untransformation, Renounce Religion, Bend Time, Temporal Distortion,
Slouch


You were in the Dungeon.
You worshipped Cheibriados.
Cheibriados was greatly pleased with you.
You were a hulking beast.
You visited 1 branch You collected 280 gold pieces.

Inventory:

Talismans
 b - a beast talisman (active)
 c - a flux talisman
Wands
 k - a wand of light (5)
 l - a wand of roots (3) (quivered)
Scrolls
 i - 4 scrolls of blinking
 m - 3 scrolls of fog
Potions
 a - a potion of lignification
 d - a potion of curing
 e - 3 potions of heal wounds
 f - 4 potions of haste
 g - 2 potions of magic
 j - a potion of resistance


   Skills:
 + Level 1.9 Fighting
 + Level 2.5 Dodging
 + Level 6.0 Unarmed Combat
 + Level 5.3 Shapeshifting


You had 2 spell levels left.
You didn't know any spells.
Your spell library was empty.

Dungeon Overview and Level Annotations

Branches:
Dungeon (1/1)

Altars:
Cheibriados
Dithmenos
Fedhas
Gozag
Kikubaaqudgha
Makhleb
Okawaru
Qazlal
Ru
Sif Muna
Trog
Uskayaw
Vehumet
Wu Jian
Xom
Yredelemnul
Zin
The Shining One
Lugonu

Shops:
D *[=??*?*:[((!!!!


Innate Abilities, Weirdness & Mutations

You are a hulking beast.
Your limbs bulge with bestial killing power. (Slay +3)
Your plain brown scales are hard. (AC +5)
You cannot fit into any form of body armour.
You are cold-blooded and may be slowed by cold attacks.


Message History

The roots erupt in riotous growth!
Roots grab the hell rat.
Roots grab the boulder beetle.
The grasping roots constrict the hell rat.
The grasping roots constrict the boulder beetle, but do no damage.
The hell rat misses you.
The boulder beetle escapes!
You hit the hell rat.
The hell rat is heavily wounded.
The grasping roots constrict the hell rat, but do no damage.
The hell rat bites you. The boulder beetle barely misses you.
The boulder beetle stops rolling and uncurls.
Unknown command.
You hit the hell rat.
The hell rat is severely wounded.
The grasping roots constrict the hell rat.
You kill the hell rat!
Cheibriados thoroughly appreciates the change of pace.
You can now inflict damage on those overly hasty.
Cheibriados raises the support of your attributes as your movement slows.
The boulder beetle bites you!!
Ouch! That really hurt!
* * * LOW HITPOINT WARNING * * *
Your Unarmed Combat skill increases to level 6!
Your Shapeshifting skill increases to level 5!
You feel much better.
The boulder beetle bites you but does no damage.
Unknown command.
A red film seems to cover your vision as you go berserk!
Cheibriados forces you to slow down.
You feel mighty! The boulder beetle bites you!
Unknown command.
You hit the boulder beetle.
The boulder beetle is lightly wounded.
The boulder beetle bites you!!
* * * LOW HITPOINT WARNING * * *
You hit the boulder beetle but do no damage.
You tail-slap the boulder beetle.
The boulder beetle is lightly wounded.
The boulder beetle bites you!
You die...

##∩.....∩## #∩.......∩#
#........_# #........_#
#_......._# ###.........###
#⌠...........⌠#
######.8.........8.####
##∩.__.h....###......___
###∩......B.8.# #.8.......
#...(.........###.........
#⌠..........###...###......
#⌠..........# #.<.# #......
#⌠..........###...###......
##.............###.........
###∩........8.# #.8.......
##∩__...[...###......___


You could see a boulder beetle.

Vanquished Creatures
  An orc wizard (D)
  A hell rat (D)
  5 orcs (D)
  A ball python (D)
  A goblin (D)
  A hobgoblin (D)
  A kobold (D)
  A frilled lizard (D)
12 creatures vanquished.

Notes
Turn   | Place    | Note
-------+----------+-------------------------------------------
     0 | D        | rocky1 the Draconian Shapeshifter began the quest for the
                  | Orb.
     0 | D        | Reached XP level 1. HP: 16/16 MP: 1/1
     4 | D        | Found a glowing golden altar of the Shining One.
     4 | D        | Found a shimmering blue altar of Sif Muna.
     5 | D        | Found a radiant altar of Vehumet.
     5 | D        | Round 1.
     6 | D        | Found an iron altar of Okawaru.
     7 | D        | Found Beut's Timeless Talismans.
     7 | D        | Found a shadowy altar of Dithmenos.
     7 | D        | Found Doloy's Identification Station.
     8 | D        | Found Itink's Jewellery.
     8 | D        | Found Nan Xuin's Advanced Armour.
    25 | D        | Found a blossoming altar of Fedhas.
    26 | D        | Found an ornate altar of the Wu Jian Council.
    26 | D        | Found a corrupted altar of Lugonu.
    26 | D        | Found Jubier's Magic Scroll Shop.
    26 | D        | Found Anywehy's Staff Store.
    27 | D        | Found Podoasiox's Magic Scroll Shop.
    27 | D        | Found Corchof's Must-Have Magic.
    31 | D        | Found an ancient bone altar of Kikubaaqudgha.
    32 | D        | Found a shimmering altar of Xom.
    33 | D        | Found Zaiborph's Distillery.
    35 | D        | Found Saereeci's Distillery.
    35 | D        | Found Aroamemo's Bottled Wisdom.
    36 | D        | Found a burning altar of Makhleb.
    36 | D        | Found an opulent altar of Gozag.
    36 | D        | Found a sacrificial altar of Ru.
    36 | D        | Found Gexkuhea's Do-It-Yourself Clinic.
    41 | D        | Found a snail-covered altar of Cheibriados.
    42 | D        | Found a bloodstained altar of Trog.
    43 | D        | Found a basalt altar of Yredelemnul.
    46 | D        | Found Laix's Weapon Rack.
    47 | D        | Found a stormy altar of Qazlal.
    47 | D        | Found a hide-covered altar of Uskayaw.
    47 | D        | Found a glowing silver altar of Zin.
    47 | D        | Found Kuomur's Premium Goods.
    47 | D        | Found Ecveitwa's Basic Armour.
    47 | D        | Found Hef Dayt's Miscellaneous Merchandise.
    54 | D        | Became a worshipper of Cheibriados the Contemplative
    81 | D        | Reached * piety under Cheibriados
    94 | D        | Arena points: 12 (+12) [x2]
   108 | D        | Round 2.
   115 | D        | Reached XP level 2. HP: 23/23 MP: 2/2
   145 | D        | Reached ** piety under Cheibriados
   146 | D        | Reached skill level 4 in Unarmed Combat
   166 | D        | Reached *** piety under Cheibriados
   167 | D        | Reached skill level 5 in Unarmed Combat
   167 | D        | Reached XP level 3. HP: 14/29 MP: 3/3
   192 | D        | Arena points: 54 (+42) [x3]
   248 | D        | Round 3.
   259 | D        | Noticed a boulder beetle
   265 | D        | Reached **** piety under Cheibriados
   266 | D        | Reached skill level 6 in Unarmed Combat
   266 | D        | Reached skill level 5 in Shapeshifting
   269 | D        | Slain by a boulder beetle

Illustrated notes

Levels and vault maps discovered:
D:        arena_sprint

Skill      XL: |  1  2  3 |
---------------+----------+-----
Dodging        | 2 |  2.5
Unarmed Combat | 5 6 |  6.0
Shapeshifting  | 4 5 |  5.3
Fighting       | |  1.9

Action                     || total
---------------------------++-------
  Melee: Unarmed           ||    32
         Tailslap          ||     3
  Evoke: Wand              ||     2
    Use: Potion            ||     2
 Armour: Skin              ||    17
  Dodge: Dodged            ||    14

Table legend: (Time is in decaauts)
 A = Elapsed time spent in this place.
 B = Non-inter-level travel time spent in this place.
 C = Inter-level travel time spent in this place.
 D = Time resting spent in this place.
 E = Time spent auto-exploring this place.
 F = Levels seen in this place.
 G = Mean time per level.
                   A        B        C        D        E       F      G
               +--------+--------+--------+--------+--------+-----+--------+
         Total |    308 |    308 |      0 |     73 |      0 |   1 |  308.0 |
       Dungeon |    308 |    308 |      0 |     73 |      0 |   1 |  308.0 |
               +--------+--------+--------+--------+--------+-----+--------+

Top non-repeatable levels by time:
       D: 308 daAuts
